 Dungeon Crawl Stone Soup version 0.29-a0-998-g1987434951 (webtiles) character file.

Game seed: 3115273287861431140

21 Spectrina the Magician (level 3, -3/26 HPs)
             Began as a Djinni Venom Mage on Aug 6, 2022.
             Slain by a scorpion (7 damage)
             ... on level 2 of the Dungeon.
             The game lasted 00:03:03 (387 turns).

Spectrina the Magician (Djinni Venom Mage)           Turns: 387, Time: 00:03:04

Health: -3/26      AC:  2    Str:  7    XL:     3   Next: 5%
Gold:   67         EV: 16    Int: 18    God:
                   SH:  0    Dex: 13

rFire   + + .      SeeInvis .   (no weapon)
rCold   x . .      Faith    .   (no shield)
rNeg    . . .      Spirit   .   a - +0 robe
rPois   ∞          Reflect  .   (no helmet)
rElec   .          Harm     .   (no cloak)
rCorr   .          Rampage  .   (no gloves)
Will    .....                   (boots unavailable)
Stlth   ++........              (no amulet)
HPRegen 0.08/turn               h - +4 ring of evasion
MPRegen 0.00/turn               (no ring)

@: flying
A: sickness immunity, fire resistance 2, cold vulnerability 1, float, innate
caster, HP casting, extra vitality 1
a: no special abilities


You were on level 2 of the Dungeon.
You visited 1 branch of the dungeon, and saw 3 of its levels.

You collected 67 gold pieces.

Inventory:

Armour
 a - a +0 robe (worn)
Jewellery
 h - a +4 ring of evasion (left hand)
Scrolls
 b - a scroll of poison {unknown}
 f - a scroll of summoning {unknown}
 g - a scroll of identify {unknown}
 j - a scroll of blinking {unknown}
Potions
 c - a potion of magic {unknown}
 e - a potion of haste {unknown}
 i - a potion of brilliance {unknown}
 k - a potion of cancellation {unknown}


   Skills:
 + Level 0.8 Fighting
 - Level 2.1 Dodging
 + Level 1.9 Stealth
 * Level 2.7 Spellcasting
 + Level 0.8 Invocations


You couldn't memorise any spells.
You knew the following spells:

 Your Spells              Type           Power      Damage    Failure   Level
a - Sting                 Tmut/Pois      48%        1d5       5%          1
d - Shock                 Conj/Air       48%        1d6       5%          1
l - Mephitic Cloud        Conj/Pois/Air  12%        N/A       16%         3
q - Poisonous Vapours     Pois/Air       24%        N/A       9%          2
r - Olgreb's Toxic Radia  Pois           12%        N/A       47%         4
Your spell library was empty.

Dungeon Overview and Level Annotations

Branches:
Dungeon (3/15)

Altars:

Annotations:
D:2 Sigmund


Innate Abilities, Weirdness & Mutations

You are immune to sickness and miasma.
You are immune to poison.
Your flesh is very heat resistant. (rF++)
You are vulnerable to cold. (rC-)
You float through the air rather than walking.
You learn spells naturally, not from books.
Your magical power is your life essence.
You have superior vitality. (+4 MHP)


Message History

Aiming: Sting (safe; 5% risk of failure)
Press: ? - help, Shift-Dir - straight line, f - ball python
Aim: a ball python (68% to hit)
The sting hits the scorpion.
The scorpion is poisoned.
The scorpion is lightly wounded.
The scorpion stings you.
Unknown command.
Casting: Sting (safe; 5% risk of failure)
Confirm with . or Enter, or press ? or * to list all spells.
Aiming: Sting (safe; 5% risk of failure)
Press: ? - help, Shift-Dir - straight line, f/p - ball python
Aim: a ball python (68% to hit)
The sting misses the scorpion.
The sting hits the ball python.
The ball python is poisoned.
You kill the ball python!
* * * LOW HITPOINT WARNING * * *
The scorpion stings you.
* * * LOW HITPOINT WARNING * * *
Unknown command.
Unknown command.
Casting: Sting (safe; 5% risk of failure)
Confirm with . or Enter, or press ? or * to list all spells.
Aiming: Sting (safe; 5% risk of failure)
Press: ? - help, Shift-Dir - straight line, f - scorpion
Aim: a scorpion (moderately wounded, poisoned, 71% to hit)
The sting misses the scorpion.
* * * LOW HITPOINT WARNING * * *
The scorpion completely misses you.
Unknown command.
Casting: Sting (safe; 5% risk of failure)
Confirm with . or Enter, or press ? or * to list all spells.
Aiming: Sting (safe; 5% risk of failure)
Press: ? - help, Shift-Dir - straight line, f/p - scorpion
Aim: a scorpion (heavily wounded, poisoned, 71% to hit)
The sting hits the scorpion but does no damage.
The scorpion looks even sicker.
The scorpion is heavily wounded.
* * * LOW HITPOINT WARNING * * *
The scorpion stings you!
You die...

...#...........#
##..#..###.###..#
#.. #...#...###
#...#...#...#
#..#...#..##
#..###..##
#...#...#
#.†s#..## #@.##
.........#
###.###..# ####


You could see a scorpion (very poisoned).

Vanquished Creatures
  2 worms (D:2)
  3 bats
  4 endoplasms
  A goblin (D:1)
  A hobgoblin (D:2)
  A quokka (D:2)
  A ball python (D:2)
  A rat (D:2)
14 creatures vanquished.

Notes
Turn   | Place    | Note
-------+----------+-------------------------------------------
     0 | D:1      | Spectrina the Djinni Venom Mage began the quest for the
                  | Orb.
     0 | D:1      | Spectrina set off with the following spells memorised:
                  | Sting, Poisonous Vapours, Mephitic Cloud, Olgreb's Toxic
                  | Radiance.
     0 | D:1      | Reached XP level 1. HP: 15/15 MP: 0/0
    79 | D:3      | Reached XP level 2. HP: 4/22 MP: 0/0
   283 | D:1      | Found a faded altar of an unknown god.
   297 | D:2      | Noticed a scorpion
   311 | D:2      | Noticed Sigmund
   366 | D:2      | Reached XP level 3. HP: 2/26 MP: 0/0
   366 | D:2      | Learned a level 1 spell: Shock
   387 | D:2      | Slain by a scorpion

Illustrated notes

Levels and vault maps discovered:
D:1:      wander_arrival_lonely_grave, layout_loops_ring,
          hellmonk_ecumenical_altar_run_dry, lexackson_kobold_supper
D:2:      layout_basic, serial_shops, nicolae_shop_crystal, nicolae_titane,
          uniq_sigmund
D:3:      layout_loops_corners, fedhas_altar_fruit_tree, grunt_ministairs_14,
          st_stairs_4

Action                   || total
-------------------------++-------
 Cast: Sting             ||    37
       Poisonous Vapours ||     1
  Use: Potion            ||     1
Dodge: Dodged            ||     9

Table legend: (Time is in decaauts)
 A = Elapsed time spent in this place.
 B = Non-inter-level travel time spent in this place.
 C = Inter-level travel time spent in this place.
 D = Time resting spent in this place.
 E = Time spent auto-exploring this place.
 F = Levels seen in this place.
 G = Mean time per level.
                   A        B        C        D        E       F      G
               +--------+--------+--------+--------+--------+-----+--------+
         Total |    386 |    386 |      0 |      0 |      0 |   3 |  128.7 |
       Dungeon |    386 |    386 |      0 |      0 |      0 |   3 |  128.7 |
               +--------+--------+--------+--------+--------+-----+--------+

Top non-repeatable levels by time:
     D:2: 159 daAuts
     D:1: 154 daAuts
     D:3: 73 daAuts
